 Dungeon Crawl Stone Soup version 0.32-a0-666-ge8a88695a4 (webtiles) character file.

Game seed: 10407317859735853859

256 adelrune the Chopper (level 5, 0/42 HPs)
             Began as a Demonspawn Monk on Mar 9, 2024.
             Slain by an orc
             ... wielding a +0 flail
              (5 damage)
             ... on level 4 of the Dungeon.
             The game lasted 00:07:06 (2956 turns).

adelrune the Chopper (Demonspawn Monk)              Turns: 2956, Time: 00:07:06

Health: 0/42       AC: 12    Str: 13    XL:     5   Next: 92%
Magic:  5/5        EV:  4    Int: 11    God:
Gold:   171        SH:  0    Dex: 17    Spells: 4/4 levels left

rFire   . . .        a - +0 hand axe
rCold   . . .        (no shield)
rNeg    . . .        l - +0 plate armour
rPois   .            (no helmet)
rElec   .            (no cloak)
rCorr   .            (no gloves)
SInv    .            p - +0 pair of boots
Will    .....        (no amulet) Stlth
                     (no ring)
HPRegen 0.27/turn    (no ring)
MPRegen 0.09/turn

%: no passive effects
@: wreathed by umbra
A: thin skeletal structure 1, foul stench 1, foul shadow 1
a: Convert to Beogh


You were on level 4 of the Dungeon.
You visited 1 branch of the dungeon, and saw 4 of its levels.

You collected 171 gold pieces.

Inventory:

Hand Weapons
 a - a +0 hand axe (weapon)
Missiles
 c - 3 javelins (quivered)
Armour
 b - a +0 robe
 d - an orb of light
 l - a +0 plate armour (worn)
 p - a +0 pair of boots (worn)
Wands
 q - a wand of polymorph (4)
 t - a wand of warping (15)
Scrolls
 g - a scroll of teleportation {unknown}
 i - 2 scrolls of vulnerability {unknown}
 j - 2 scrolls of identify {unknown}
 k - a scroll of revelation {unknown}
 m - 2 scrolls of amnesia {unknown}
 r - a scroll of enchant weapon {unknown}
 s - a scroll of poison {unknown}
 u - a scroll of brand weapon {unknown}
 v - a scroll of enchant armour {unknown}
Potions
 e - 6 potions of curing {unknown}
 f - 2 potions of mutation {unknown}
 h - a potion of haste {unknown}
 n - a potion of heal wounds {unknown}
 o - 2 potions of brilliance {unknown}
 w - a potion of resistance {unknown}


   Skills:
 + Level 4.2 Fighting
 * Level 4.7 Axes
 + Level 2.3 Armour
 - Level 2.6 Dodging


You had 4 spell levels left.
You didn't know any spells.
Your spell library contained the following spells:

 Spells                   Type           Power      Damage    Failure   Level
 Cigotuvi's Dreadful Rot  Necr/Alch/Air  0%         N/A       100%        2
 Ignite Poison            Fire/Alch      0%         N/A       100%        4
 Freezing Cloud           Conj/Ice/Air   0%         6-21      100%        5


Dungeon Overview and Level Annotations

Branches:
Dungeon (4/15)
 Temple: D:4-7

Altars:
Cheibriados
Fedhas
Qazlal

Shops:
D:3 :


Innate Abilities, Weirdness & Mutations

You have a somewhat thin skeletal structure. (Dex +2, Stealth+)
You may rarely emit foul miasma when damaged in melee.
You are faintly shadowed, very rarely releasing foul flame when damaged in melee.


Message History

The orc hits you with a +0 flail.
The orc is seared by the foul flame within you.
The orc is heavily wounded.
The orc priest shouts!
You hit the orc.
You kill the orc!
An orc comes into view. It is wielding a +0 flail.
The orc shouts!
Things that are here:
a +0 flail; 3 boomerangs; an orc corpse You hear the rusting of a very distant drain.
The orc priest begins to cast a cantrip, but forgets the words!
The orc priest looks satisfied for a moment.
The orc completely misses you.
The orc priest hits you but does no damage.
The orc barely misses you. The orc priest hits you with a +0 club.
The orc priest completely misses you.
You hit the orc priest.
The orc priest is moderately wounded.
You hit the orc priest but do no damage.
You hit the orc but do no damage. The orc hits you with a +0 flail.
The orc priest invokes the aid of Beogh against you.
Pain shoots through your body!
The orc priest invokes the aid of Beogh against you.
Beogh smites you!
* * * LOW HITPOINT WARNING * * *
You hit the orc priest.
The orc priest is heavily wounded.
You barely miss the orc priest.
The orc priest shouts, "Surrender to Beogh and we'll let you live!"
You hit the orc but do no damage. The orc hits you but does no damage.
The orc priest threatens, "Beogh's wrath is as vast as their mercy.
Make your choice!"
The orc priest hits you but does no damage.
The orc priest barely misses you.
You barely miss the orc priest.
The orc priest is heavily wounded.
You closely miss the orc priest. You hit the orc but do no damage.
The orc priest shouts, "Surrender to Beogh and we'll let you live!"
The orc hits you with a +0 flail.
You die...

.. #...# #...##
###.# #..... #.#
...#.####
####'###
........#
#......# #.....##
#......#
#......###..(...#
+...o..)........#
#...@o#.#)###+###
#...o.#.#.#
#.....#.#..
#.....#.###.
.......#.# ..
#######.#.. ..
#.### ### .#


You could see 2 orc priests and an orc.

Vanquished Creatures
  A scorpion (D:3)
  An orc priest (D:3)
  Jessica (D:3)
  An orc wizard (D:3)
  5 adders
  A ribbon worm (D:2)
  A dart slug (D:3)
  6 orcs
  An endoplasm (D:2)
  2 giant cockroaches (D:2)
  5 goblins
  11 hobgoblins
  4 jackals (D:1)
  3 quokkas
  5 ball pythons
  9 bats
  4 frilled lizards
  3 kobolds
  5 rats
69 creatures vanquished.

Notes
Turn   | Place    | Note
-------+----------+-------------------------------------------
     0 | D:1      | adelrune the Demonspawn Monk began the quest for the Orb.
     0 | D:1      | Reached XP level 1. HP: 18/18 MP: 1/1
   113 | D:1      | Gained mutation: You may rarely emit foul miasma when
                  | damaged in melee. [demonic ancestry]
   113 | D:1      | Reached XP level 2. HP: 23/24 MP: 2/2
   801 | D:2      | Reached skill level 1 in Armour
   830 | D:2      | Reached XP level 3. HP: 29/29 MP: 3/3
  1207 | D:2      | Found a stormy altar of Qazlal.
  1658 | D:3      | Noticed Jessica
  1665 | D:3      | Killed Jessica
  1666 | D:3      | Gained mutation: You have a somewhat thin skeletal
                  | structure. (Dex +2, Stealth+) [demonic ancestry]
  1666 | D:3      | Reached XP level 4. HP: 21/36 MP: 1/4
  1768 | D:3      | Noticed a scorpion
  1785 | D:3      | Killed a scorpion
  1786 | D:3      | Gained mutation: You are faintly shadowed, very rarely
                  | releasing foul flame when damaged in melee. [demonic
                  | ancestry]
  1786 | D:3      | Reached XP level 5. HP: 23/42 MP: 5/5
  2053 | D:3      | Found a blossoming altar of Fedhas.
  2163 | D:3      | Found Dekec's Book Shop.
  2802 | D:4      | Found a snail-covered altar of Cheibriados.
  2956 | D:4      | Slain by an orc

Illustrated notes

Levels and vault maps discovered:
D:1:      nzn_arrival_water_spiral, layout_loops_ring
D:2:      layout_loops_ring, basic_altar, serial_rivers,
          chequers_serial_rivers_room_b, chequers_serial_rivers_room_a,
          chequers_serial_rivers_marsh, chequers_serial_rivers_room_b,
          chequers_serial_rivers_micro_d
D:3:      layout_basic, lemuel_doored_altar, nicolae_overflow_hidden_temple,
          serial_shops, nicolae_shop_stone, uniq_jessica
D:4:      layout_basic, mainiacjoe_overflow_paths,
          mainiacjoe_overflow_concentric_impassable, gammafunk_ghost_split,
          mainiacjoe_sewer_entry_somewhere_in_here_2

Skill      XL: |  1  2  3  4  5 |
---------------+----------------+-----
Axes           | 3 4 |  4.7
Armour         | 1 2 |  2.3
Fighting       | 4 |  4.2
Dodging        | |  2.6

Action                     |  1- 3 |  4- 6 || total
---------------------------+-------+-------++-------
  Melee: Hand axe          |   138 |   153 ||   291
    Use: Potion            |       |     1 ||     1
 Armour: Robe              |    36 |       ||    36
         Plate armour      |    44 |   187 ||   231
  Dodge: Dodged            |    63 |    37 ||   100

Table legend: (Time is in decaauts)
 A = Elapsed time spent in this place.
 B = Non-inter-level travel time spent in this place.
 C = Inter-level travel time spent in this place.
 D = Time resting spent in this place.
 E = Time spent auto-exploring this place.
 F = Levels seen in this place.
 G = Mean time per level.
                   A        B        C        D        E       F      G
               +--------+--------+--------+--------+--------+-----+--------+
         Total |   2990 |   2903 |     87 |    330 |   1815 |   4 |  747.5 |
       Dungeon |   2990 |   2903 |     87 |    330 |   1815 |   4 |  747.5 |
               +--------+--------+--------+--------+--------+-----+--------+

Top non-repeatable levels by time:
     D:3: 1161 daAuts
     D:2: 810 daAuts
     D:1: 765 daAuts
     D:4: 253 daAuts
